 Dungeon Crawl Stone Soup version 0.31-a0-437-g7cee417757 (webtiles) character file.

Game seed: 5449374322103727706

8078 MacCMillion the Grappler (level 11, 0/99 HPs)
             Began as a Grey Draconian Shapeshifter on Aug 2, 2023.
             Was an Elder of Okawaru.
             Succumbed to a centaur warrior's poison
             ... on level 9 of the Dungeon.
             The game lasted 00:23:40 (11764 turns).

MacCMillion the Grappler (DrSh)                    Turns: 11764, Time: 00:23:41

Health: 0/99       AC: 12    Str: 22    XL:     11   Next: 5%
Magic:  13/13      EV: 12    Int:  8    God:    Okawaru [****..]
Gold:   530        SH:  0    Dex: 12    Spells: 10/10 levels left

rFire   . .          .
                       - Unarmed
rCold   . . .        (no shield)
rNeg    . . .        (body armour unavailable)
rPois   .            (helmet currently unavailable)
rElec   .            (cloak currently unavailable)
rCorr   .            (gloves currently unavailable)
SInv    .            (boots currently unavailable)
Will    .....        (no amulet)
Stlth   +            (no ring)
HPRegen 0.36/turn    (no ring)
MPRegen 0.13/turn

%: no passive effects
@: mighty, lethally poisoned (0 -> -50), beast-form
A: beast (slay +5), AC +12, amphibious, unfitting armour, cold-blooded
a: Begin Untransformation, Renounce Religion, Heroism, Finesse


You were on level 9 of the Dungeon.
You worshipped Okawaru.
Okawaru was greatly pleased with you.
You were a hulking beast.
You visited 2 branches of the dungeon, and saw 10 of its levels.

You collected 530 gold pieces.

Inventory:

Missiles
 m - 23 poisoned darts
 t - 12 javelins (quivered)
 H - a curare-tipped dart
Armour
 i - a +2 cloak of stealth
 q - a +0 pair of gloves
 B - a +0 pair of boots
Jewellery
 o - an amulet of faith
 D - a ring of flight
 G - a ring of wizardry
 I - an amulet of the acrobat
Talismans
 b - a beast talisman (active)
 u - a granite talisman
Wands
 p - a wand of polymorph (6)
 x - a wand of flame (10)
 C - a wand of light (1)
 F - a wand of roots (19)
Scrolls
 a - a scroll of poison {unknown}
 c - 4 scrolls of teleportation {unknown}
 d - 2 scrolls of enchant weapon {unknown}
 e - 3 scrolls of vulnerability {unknown}
 g - 4 scrolls of identify {unknown}
 k - a scroll of amnesia {unknown}
 r - 3 scrolls of fear {unknown}
 y - 2 scrolls of immolation {unknown}
 z - 2 scrolls of fog {unknown}
 A - a scroll of silence {unknown}
Potions
 f - 2 potions of ambrosia
 h - 3 potions of might
 j - a potion of mutation {unknown}
 l - a potion of brilliance {unknown}
 n - 2 potions of attraction {unknown}
 s - a potion of heal wounds {unknown}
 v - 2 potions of enlightenment {unknown}
 w - a potion of berserk rage {unknown}
 E - 2 potions of curing {unknown}


   Skills:
 - Level 10.0 Fighting
 - Level 1.7 Dodging
 + Level 11.7 Unarmed Combat
 - Level 3.0 Invocations
 + Level 8.0 Shapeshifting


You had 10 spell levels left.
You didn't know any spells.
Your spell library contained the following spells:

 Spells                   Type           Power      Damage    Failure   Level
 Kiss of Death            Conj/Necr      0%         2d5       41%         1
 Necrotise                Necr           0%         1d4       41%         1
 Confusing Touch          Hex            0%         N/A       78%         3
 Vampiric Draining        Necr           0%         2d6       78%         3
 Volatile Blastmotes      Fire/Tloc      0%         2d10      78%         3
 Dispel Undead            Necr           0%         3d6       99%         4
 Fulminant Prism          Conj/Hex       0%         3d5       99%         4
 Iskenderun's Mystic Bla  Conj/Tloc      0%         2d3       99%         4
 Agony                    Necr           0%         N/A       100%        5


Dungeon Overview and Level Annotations

Branches:
Dungeon (9/15)             Temple (1/1) D:4
   Lair: D:8-11         Orc: D:9-12

Altars:
Ashenzari
Cheibriados
Dithmenos
Elyvilon
Fedhas
Gozag
Hepliaklqana
Kikubaaqudgha
Makhleb
Nemelex Xobeh
Okawaru
Qazlal
Ru
Sif Muna
Trog
Uskayaw
Vehumet
Wu Jian
Yredelemnul
Zin
The Shining One

Shops:
D:1 =

Annotations:
D:3 1 runed translucent door, Crazy Yiuf


Innate Abilities, Weirdness & Mutations

You are a hulking beast.
Your limbs bulge with bestial killing power. (Slay +5)
Your dull iron-grey scales are very hard. (AC +12)
You are amphibious.
You cannot fit into any form of body armour.
You are cold-blooded and may be slowed by cold attacks.


Message History

You are poisoned.
The centaur warrior kicks you but does no damage.
You hit the centaur warrior.
The centaur warrior is lightly wounded.
You feel sick.
The centaur warrior hits you but does no damage.
You are more poisoned.
The centaur warrior kicks you but does no damage.
You pummel the centaur warrior!!
The centaur warrior is heavily wounded.
You feel sick.
The centaur warrior hits you with a +4 dagger of venom!
You are more poisoned.
The centaur warrior closely misses you.
You barely miss the centaur warrior.
The centaur warrior is heavily wounded.
You feel very sick.
The centaur warrior hits you but does no damage.
You are more poisoned.
The centaur warrior kicks you but does no damage.
The centaur warrior hits you with a +4 dagger of venom!
You are lethally poisoned!
The centaur warrior kicks you but does no damage.
It was a potion of might.
You feel very mighty all of a sudden.
You feel extremely sick.
The centaur warrior hits you but does no damage.
The centaur warrior kicks you but does no damage.
Okay, then.
You pummel the centaur warrior!!
The centaur warrior is severely wounded.
* * * LOW HITPOINT WARNING * * *
You feel extremely sick.
The centaur warrior hits you with a +4 dagger of venom!
* * * LOW HITPOINT WARNING * * *
You are more poisoned.
The centaur warrior kicks you but does no damage.
You punch the centaur warrior!
The centaur warrior is almost dead.
You die...

).#..#. ..#.... #
...c. .....# .#
....###...#...
##.......#.#
#.....)##..#
#..#.......#
####รท[..##.##
#..#..>.......
#..hc...#.####
...###.)..#...#
.......))#.......
#######.##.######
#......#.#
#.####.#.# #.#
#.#.# #.# #.#.#
#.# #.#.#


You could see a centaur warrior.

Vanquished Creatures
  Amaemon (D:8)
  An ugly thing (D:9)
  A cyclops (D:9)
  A manticore (D:9)
  An orange demon (D:8)
  A gargoyle (D:9)
  2 trolls
  A shadow (D:8)
  2 wyverns (D:9)
  4 yaks (D:7)
  7 steam dragons
  2 water moccasins (D:7)
  A black bear (D:4)
  4 orc warriors
  2 ice beasts
  3 ogres (D:6)
  2 centaurs
  3 phantoms
  4 kobold brigands
  5 bullfrogs
  2 gnoll sergeants
  A wight (D:9)
  A killer bee (D:9)
  5 howler monkeys
  6 hounds
  4 orc priests
  2 gnoll boudas
  A jelly (D:6)
  A sleepcap (D:6)
  5 iguanas
  5 orc wizards
  17 gnolls
  7 adders
  A shadow imp (D:7)
  A white imp (D:6)
  An ufetubus (D:4)
  A dart slug (D:3)
  20 orcs
  4 ball pythons
  7 endoplasms
  3 giant cockroaches
  6 goblins
  3 hobgoblins
  2 quokkas
  6 bats
  A frilled lizard (D:3)
  11 kobolds
  8 rats
180 creatures vanquished.

Vanquished Creatures (others)
  An orc wizard (D:8)
  A gnoll (D:7)
2 creatures vanquished.

Grand Total: 182 creatures vanquished

Notes
Turn   | Place    | Note
-------+----------+-------------------------------------------
     0 | D:1      | MacCMillion the Draconian Shapeshifter began the quest for
                  | the Orb.
     0 | D:1      | Reached XP level 1. HP: 16/16 MP: 1/1
   281 | D:1      | Reached XP level 2. HP: 23/23 MP: 2/2
   402 | D:1      | Found Ruohas's Jewellery Emporium.
   512 | D:2      | Noticed an ogre
   573 | D:1      | Reached XP level 3. HP: 12/29 MP: 3/3
   670 | D:2      | Reached skill level 4 in Unarmed Combat
  1091 | D:3      | Reached XP level 4. HP: 20/37 MP: 4/4
  1448 | D:3      | Reached skill level 5 in Unarmed Combat
  1448 | D:3      | Reached XP level 5. HP: 32/45 MP: 5/5
  1555 | D:3      | Found a hide-covered altar of Uskayaw.
  1863 | D:3      | Found a runed translucent door.
  1864 | D:3      | Noticed Crazy Yiuf
  2268 | D:4      | Noticed a phantom
  2282 | D:4      | Killed a phantom
  2283 | D:4      | Reached XP level 6. HP: 31/52 MP: 6/6
  2593 | D:4      | Found a staircase to the Ecumenical Temple.
  2640 | D:4      | Reached skill level 6 in Unarmed Combat
  2660 | Temple   | Entered the Ecumenical Temple
  3069 | D:4      | Found a radiant altar of Vehumet.
  3077 | D:4      | Found a shadowy altar of Dithmenos.
  3194 | D:5      | Entered Level 5 of the Dungeon
  3207 | D:5      | Found an iron altar of Okawaru.
  3408 | D:5      | Noticed an ice beast
  3427 | D:5      | Killed an ice beast
  3428 | D:5      | Your scales start taking on a dull iron-grey colour.
  3428 | D:5      | Reached XP level 7. HP: 54/60 MP: 7/7
  3526 | D:5      | Reached skill level 7 in Unarmed Combat
  3595 | D:5      | Noticed a troll
  3613 | D:5      | Killed a troll
  3614 | D:5      | Reached skill level 5 in Fighting
  4187 | D:5      | Reached skill level 8 in Unarmed Combat
  4376 | D:6      | Reached XP level 8. HP: 68/70 MP: 8/8
  5933 | D:7      | Found a sacrificial altar of Ru.
  6028 | D:7      | Reached skill level 9 in Unarmed Combat
  6223 | D:6      | Reached XP level 9. HP: 50/79 MP: 9/9
  6406 | D:7      | Found a bloodstained altar of Trog.
  6465 | D:5      | Became a worshipper of Warmaster Okawaru
  6688 | D:7      | Reached skill level 5 in Shapeshifting
  7287 | D:7      | Reached * piety under Okawaru
  7528 | D:7      | Reached skill level 10 in Unarmed Combat
  7879 | D:8      | Found a stormy altar of Qazlal.
  7883 | D:8      | Found a shimmering blue altar of Sif Muna.
  7884 | D:8      | Found an ancient bone altar of Kikubaaqudgha.
  7884 | D:8      | Found a snail-covered altar of Cheibriados.
  7885 | D:8      | Noticed Amaemon
  7885 | D:8      | Noticed an orange demon
  8277 | D:8      | Identified the +1 ring mail of the Unbroken {rN+ Dex+4}
  8474 | D:8      | Reached ** piety under Okawaru
  8475 | D:8      | Reached XP level 10. HP: 58/91 MP: 10/10
  8582 | D:8      | Found a glowing silver altar of Zin.
  8770 | D:8      | Killed an orange demon
  9189 | D:8      | Killed Amaemon
  9190 | D:8      | Reached skill level 1 in Invocations
  9641 | D:9      | Reached *** piety under Okawaru
  9851 | D:9      | Reached skill level 10 in Fighting
 10206 | D:9      | Noticed a gargoyle
 10215 | D:9      | Killed a gargoyle
 10288 | D:9      | Found a glowing golden altar of the Shining One.
 10300 | D:9      | Reached skill level 11 in Unarmed Combat
 10634 | D:9      | Noticed a cyclops
 10657 | D:9      | Killed a cyclops
 10859 | D:9      | Noticed a brown ugly thing
 10879 | D:9      | Killed a brown ugly thing
 10903 | D:9      | Noticed a manticore
 10913 | D:9      | Killed a manticore
 10914 | D:9      | Found a stormy altar of Qazlal.
 10914 | D:9      | Noticed a two-headed ogre
 10942 | D:8      | Reached **** piety under Okawaru
 10943 | D:8      | Reached XP level 11. HP: 58/99 MP: 13/13
 11750 | D:9      | Noticed a centaur warrior
 11764 | D:9      | Succumbed to a centaur warrior's poison

Illustrated notes

Levels and vault maps discovered:
D:1:      amcnicky_arrival_single_pillar, layout_basic, serial_shops, shop
D:2:      layout_rooms, basic_altar
D:3:      layout_loops_ring, nicolae_uskayaw_murder_on_the_dancefloor,
          serial_glass, glass_columns_a, glass_columns_a, nicolae_grassy_gnolls,
          uniq_crazy_yiuf_cottage
D:4:      layout_loops_ring, minitemple, minmay_temple_entry_crystal_x
D:5:      layout_layer_cave, mainiacjoe_overflow_catwalk
D:6:      layout_basic, serial_curves, eino_curves_01, eino_curves_02
D:7:      cheibrodos_steamvent, layout_layer_cave, kennysheep_mini_moat,
          nicolae_ru_the_path_less_chosen, st_stairs_10
D:8:      layout_cave_pods, chequers_temple_overflow_statue_of_worship,
          mainiacjoe_overflow_cross_hatched, uniq_amaemon
D:9:      hangedman_cross_cluster, layout_basic, tso_metal_star
Temple:   kb_temple_of_zot

Skill      XL: |  1  2  3  4  5  6  7  8  9 10 11 |
---------------+----------------------------------+-----
Fighting       | 2 3 4 6 7 9 10 | 10.0
Unarmed Combat | 4 5 6 8 9 10 11 | 11.7
Shapeshifting  | 4 6 7 8 |  8.0
Invocations    | 3 |  3.0
Dodging        | |  1.7

Action                     |  1- 3 |  4- 6 |  7- 9 | 10-12 || total
---------------------------+-------+-------+-------+-------++-------
  Melee: Unarmed           |    77 |   140 |   242 |   146 ||   605
         Tailslap          |     9 |    17 |    49 |    21 ||    96
         Punch             |     1 |     4 |    13 |     9 ||    27
  Throw: Dart              |       |       |     8 |       ||     8
         Javelin           |       |       |       |     5 ||     5
         Throwing net      |       |       |       |     1 ||     1
 Invoke: Heroism           |       |       |       |     3 ||     3
  Evoke: Wand              |       |       |       |     1 ||     1
    Use: Potion            |     2 |       |       |     1 ||     3
   Stab: Sleeping          |     1 |     1 |     1 |       ||     3
         Invisible         |       |       |       |     1 ||     1
 Armour: Skin              |    23 |    37 |    94 |    62 ||   216
  Dodge: Dodged            |    48 |    79 |   134 |    55 ||   316

Table legend: (Time is in decaauts)
 A = Elapsed time spent in this place.
 B = Non-inter-level travel time spent in this place.
 C = Inter-level travel time spent in this place.
 D = Time resting spent in this place.
 E = Time spent auto-exploring this place.
 F = Levels seen in this place.
 G = Mean time per level.
                   A        B        C        D        E       F      G
               +--------+--------+--------+--------+--------+-----+--------+
         Total |  11705 |  11135 |    570 |   3928 |   5046 |  10 | 1170.5 |
       Dungeon |  11703 |  11134 |    569 |   3928 |   5046 |   9 | 1300.3 |
        Temple |      1 |      0 |      1 |      0 |      0 |   1 |    1.0 |
               +--------+--------+--------+--------+--------+-----+--------+

Top non-repeatable levels by time:
     D:7: 2020 daAuts
     D:8: 1852 daAuts
     D:9: 1844 daAuts
     D:6: 1555 daAuts
     D:5: 1252 daAuts
     D:3: 1206 daAuts
     D:4: 917 daAuts
     D:1: 684 daAuts
     D:2: 370 daAuts
  Temple: 1 daAuts
